 Dungeon Crawl Stone Soup version 0.21-a0-584-g185da8e (webtiles) character file.

242 esteth the Covered (level 5, -12/49 HPs)
             Began as a Deep Dwarf Fighter on Dec 21, 2017.
             Mangled by an ogre
             ... wielding a +0 giant spiked club
              (15 damage)
             ... on level 4 of the Dungeon.
             The game lasted 00:06:46 (2174 turns).

esteth the Covered (Deep Dwarf Fighter)             Turns: 2174, Time: 00:06:47

Health: -12/49     AC: 12    Str: 20    XL:     5   Next: 81%
Magic:  4/4        EV:  5    Int:  9    God:
Gold:   148        SH:  9    Dex: 12    Spells: 4/4 levels left

rFire    . . .     SeeInvis +   a - +0 war axe
rCold    . . .     Gourm    .   c - +0 shield
rNeg     + . .     Faith    .   A - +0 plate armour
rPois    .         Spirit   .   (no helmet)
rElec    .         Reflect  .   (no cloak)
rCorr    .         Harm     .   (no gloves)
MR       .....                  (no boots)
Stlth    ..........             (no amulet)
HPRegen  0.00/turn              r - ring of see invisible
MPRegen  0.09/turn              x - ring of positive energy

@: non-regenerating
A: damage resistance, heal wounds, sense surroundings 1, no regeneration
a: Heal Wounds


You were on level 4 of the Dungeon.
You were not hungry.

You visited 1 branch of the dungeon, and saw 4 of its levels.

You collected 148 gold pieces.

Inventory:

Hand Weapons
 a - a +0 war axe (weapon)
Armour
 b - a +0 scale mail
 c - a +0 shield (worn)
 g - a +0 chain mail
 A - a +0 plate armour (worn)
Jewellery
 r - a ring of see invisible (left hand)
 x - a ring of positive energy (right hand)
 y - an uncursed ring of fire
Scrolls
 h - 5 scrolls of remove curse
 j - 3 scrolls of teleportation {unknown}
 l - 2 scrolls of magic mapping {unknown}
 n - a scroll of immolation {unknown}
 o - 2 scrolls of fear {unknown}
 q - a scroll of fog {unknown}
 s - a scroll of enchant weapon {unknown}
 t - 2 scrolls of enchant armour {unknown}
 B - a scroll of identify
Potions
 d - a potion of might
 e - a potion of haste {unknown}
 k - a potion of brilliance
 m - 2 potions of curing
 p - a potion of ambrosia
 u - a potion of mutation
 v - a potion of magic
 w - 2 potions of flight {unknown}
Books
 i - a book of Debilitation

   Spells                             Type                      Level
   a - Corona                         Hexes                        1
   b - Slow                           Hexes                        2
   c - Inner Flame                    Hexes/Fire                   3
   d - Portal Projectile              Hexes/Translocation          3
   e - Cause Fear                     Hexes                        4
   f - Leda's Liquefaction            Hexes/Earth                  4
Comestibles
 f - 5 rations
 z - 8 chunks of flesh


   Skills:
 + Level 3.5 Fighting
 + Level 3.4 Axes
 + Level 4.4 Armour
 + Level 2.5 Dodging
 + Level 4.4 Shields


You had 4 spell levels left.
You didn't know any spells.

Dungeon Overview and Level Annotations

Branches:
Dungeon (4/15)
 Temple: D:4-7

Altars:
Elyvilon
Fedhas
Kikubaaqudgha
Sif Muna


Innate Abilities, Weirdness & Mutations

You are resistant to damage.
You can heal yourself by infusing magical energy.
You passively map a small area around you.
You do not regenerate.


Message History

The ogre hits you with a giant spiked club!!
* * * LOW HITPOINT WARNING * * *
The bullfrog skeleton hits you but does no damage.
You block the bullfrog skeleton's attack.
You are too injured to fight recklessly!
You are too injured to fight recklessly!
You are too injured to fight recklessly!
You are too injured to fight recklessly!
You are too injured to fight recklessly!
You are too injured to fight recklessly!
You are too injured to fight recklessly!
You hit the ogre.
The ogre is severely wounded.
You slash the bullfrog skeleton!
You destroy the bullfrog skeleton!
The ogre hits you with a giant spiked club!
* * * LOW HITPOINT WARNING * * *
You fail to use your ability.
The ogre hits you with a giant spiked club!
You die...

#......## ♣♣.
###########......#
♣♣
#................#
♣ *
#................#
♣♣
#................#
♣♣.
##?...............#
♣..
,..>!..(%.......
♣♣.. #.....O....#
** # ♣...
#.....@....# .#
♣♣..
#..........####.##
♣.. *
###...##.........#
♣♣. *
###.####.........#
♣♣
,.................#
♣
...#####.........#
♣♣ ..# ####..#####
♣♣. , ..
*#######..## * ♣..
,........##### *
#..


You could see an ogre.

Vanquished Creatures
  2 hounds
  A bullfrog skeleton (D:4)
  A worker ant (D:4)
  4 adders
  An adder skeleton (D:4)
  3 worms
  2 leopard geckos
  An orc (D:3)
  5 giant cockroaches
  11 goblins
  6 hobgoblins
  7 jackals
  3 quokkas
  5 ball pythons
  5 bats
  8 frilled lizards
  9 kobolds
  8 rats
82 creatures vanquished.

Notes
Turn   | Place    | Note
-------+----------+-------------------------------------------
     0 | D:1      | esteth the Deep Dwarf Fighter began the quest for the Orb.
     0 | D:1      | Reached XP level 1. HP: 20/20 MP: 1/1
   115 | D:1      | Reached XP level 2. HP: 24/27 MP: 2/2
   434 | D:1      | Reached skill level 1 in Dodging
   817 | D:2      | Reached XP level 3. HP: 21/34 MP: 3/3
   839 | D:2      | Found a deep blue altar of Sif Muna.
   914 | D:2      | Reached XP level 4. HP: 24/42 MP: 4/4
  1729 | D:3      | Found an ancient bone altar of Kikubaaqudgha.
  1729 | D:3      | Found a blossoming altar of Fedhas.
  2008 | D:4      | Found a white marble altar of Elyvilon.
  2029 | D:4      | Reached XP level 5. HP: 34/49 MP: 4/4
  2166 | D:4      | Noticed an ogre
  2174 | D:4      | Mangled by an ogre

Vault maps used:
D:1:      moated_graveyard_arrival, minmay_domino_2
D:2:      lemuel_blue_sif_altar
D:3:      grunt_temple_overflow_growth_and_decay, st_stairs_9,
          patterned_corridor
D:4:      elyvilon_altar_3, nicolae_overflow_crystal_walls, first_ration

Skill      XL: |  1  2  3  4 |
---------------+-------------+-----
Dodging        | 1 2 |  2.5
Fighting       | 3 |  3.5
Axes           | 3 |  3.4
Armour         | 4 |  4.4
Shields        | 4 |  4.4

Action                   |  1- 3 |  4- 6 || total
-------------------------+-------+-------++-------
Melee: War axe           |   103 |   133 ||   236
 Abil: Heal Wounds       |       |     1 ||     1
  Use: Scroll            |       |     7 ||     7
  Eat: Chunk             |       |     5 ||     5
Armor: Scale mail        |    57 |    49 ||   106
       Chain mail        |       |    11 ||    11
       Plate armour      |       |    25 ||    25
Dodge: Dodged            |    49 |    38 ||    87
Block: Shield            |    57 |    88 ||   145

Table legend:
 A = Spawn XP
 B = Non-spawn XP
 C = Spawn XP percentage of total XP
 D = Spawn monster count
 E = Non-spawn monster count
 F = Spawn count percentage of total count
 G = Total turns spent on level
                    A         B        C        D         E        F      G
               +---------+---------+-------+---------+---------+-------+---------
         Total |       0 |     346 |   0.0 |       0 |      82 |   0.0 |  2174
               +---------+---------+-------+---------+---------+-------+---------
           D:1 |       0 |      40 |   0.0 |       0 |      28 |   0.0 |   784
           D:2 |       0 |     106 |   0.0 |       0 |      21 |   0.0 |   447
           D:3 |       0 |      44 |   0.0 |       0 |      19 |   0.0 |   770
           D:4 |       0 |     156 |   0.0 |       0 |      14 |   0.0 |   173
               +---------+---------+-------+---------+---------+-------+---------
